 Dungeon Crawl Stone Soup version 0.31-a0-229-g1fc7ce93e2 (webtiles) character file.

Game seed: 9180398673066881280

62 qw the Shooter (level 3, -6/29 HPs)
             Began as a Minotaur Hexslinger on July 6, 2023.
             Killed by divine providence
             ... invoked by an orc priest
              (12 damage)
             ... on level 3 of the Dungeon.
             The game lasted 00:00:33 (1845 turns).

qw the Shooter (Minotaur Hexslinger)                Turns: 1845, Time: 00:00:33

Health: -6/29      AC:  5    Str: 10 (12) XL:     3   Next: 85%
Magic:  3/3        EV: 10    Int:  8 (10) God:
Gold:   89         SH:  0    Dex: 13 (14) Spells: 3/4 levels left

rFire   . . .        Y - +2 sling
rCold   . . .        (no shield)
rNeg    . . .        b - +0 ring mail
rPois   .            (helmet restricted)
rElec   .            (no cloak)
rCorr   .            (no gloves)
SInv    .            (no boots)
Will    .....        (no amulet)
Stlth   +            (no ring)
HPRegen 0.24/turn    (no ring)
MPRegen 0.08/turn

%: no passive effects
@: no status effects
A: horns 2, retaliatory headbutt
a: no special abilities


You were on level 3 of the Dungeon.
You visited 1 branch of the dungeon, and saw 3 of its levels.

You collected 89 gold pieces.


Innate Abilities, Weirdness & Mutations

You have a pair of horns on your head.
You reflexively headbutt those who attack you in melee.


   Skills:
 - Level 2.1 Fighting
 - Level 4.2 Ranged Weapons
 + Level 0.5 Armour
 - Level 2.1 Dodging
 - Level 1.0 Spellcasting
 - Level 2.0 Hexes


You had 3 spell levels left.
You knew the following spells:

 Your Spells              Type           Power      Damage    Failure   Level
a - Slow                  Hex            12%        N/A       41%         1

Your spell library contained the following spells:

 Spells                   Type           Power      Damage    Failure   Level
 Inner Flame              Hex/Fire       2%         N/A       90%         3
 Portal Projectile        Hex/Tloc       4%         N/A       90%         3
 Cause Fear               Hex            1%         N/A       99%         4

Inventory:

Hand Weapons
 Y - a +2 sling (weapon)
Armour
 b - a +0 ring mail (worn)
Potions
 f - a potion of resistance {unknown}
 g - a potion of might {unknown}
 i - a potion of curing {unknown}

Dungeon Overview and Level Annotations

Branches:
Dungeon (3/15)

Altars:


Message History

The orc hits you with a +0 mace!
You shoot a sling bullet.
The sling bullet hits the orc but does no damage.
The orc is lightly wounded.
The orc hits you with a +0 mace. The orc closely misses you.
You shoot a sling bullet. The sling bullet hits the orc.
The orc is moderately wounded.
The orc hits you but does no damage. x2; The orc barely misses you.
The orc hits you but does no damage.
You shoot a sling bullet. The sling bullet hits the orc.
You kill the orc!
The orc completely misses you.
You shoot a sling bullet. The sling bullet hits the orc.
The orc is almost dead.
The orc hits you but does no damage.
You shoot a sling bullet. The sling bullet hits the orc.
You kill the orc!
The orc priest mumbles some strange prayers to Beogh against you.
Beogh smites you!
You shoot a sling bullet. The sling bullet hits the orc priest.
The orc priest is lightly wounded.
You shoot a sling bullet. The sling bullet hits the orc priest.
The orc priest is moderately wounded.
The orc priest closely misses you.
You shoot a sling bullet.
The sling bullet hits the orc priest but does no damage.
The orc priest is moderately wounded.
The orc priest hits you with a +0 war axe!
You shoot a sling bullet.
The sling bullet barely misses the orc priest.
The orc priest hits you but does no damage.
The orc priest misses you.
You shoot a sling bullet.
The sling bullet closely misses the orc priest.
The orc priest barely misses you.
You shoot a sling bullet.
The sling bullet completely misses the orc priest.
The orc priest invokes the aid of Beogh against you.
Beogh smites you!
You die...

## .
.####
... ..#
#####.#
#)@...#
#o##.<#
...
#)##
#.#.
#.#
.....
#.# ###
.. #.#
### #.#
... ...


You could see an orc priest.

Vanquished Creatures
  2 adders (D:2)
  A dart slug (D:1)
  2 orcs (D:3)
  3 ball pythons (D:1)
  2 bats
  3 endoplasms
  3 giant cockroaches (D:1)
  2 goblins
  3 hobgoblins (D:1)
  3 jackals (D:1)
  4 quokkas
  3 frilled lizards
  A kobold (D:2)
  6 rats
38 creatures vanquished.

Notes
Turn   | Place    | Note
-------+----------+-------------------------------------------
     0 | D:1      | qw the Minotaur Hexslinger began the quest for the Orb.
     0 | D:1      | Reached XP level 1. HP: 16/16 MP: 1/1
     0 | D:1      | 0 ||| qw: Version: 0.3-a-46-gb1f654a
     0 | D:1      | 0 ||| qw: Game counter: 1381
     0 | D:1      | 0 ||| qw: Melee chars always use a shield: true
     0 | D:1      | 0 ||| qw: God list: Okawaru
     0 | D:1      | 0 ||| qw: Allow faded altars: false
     0 | D:1      | 0 ||| qw: Do Orc after clearing Dungeon:15 true
     0 | D:1      | 0 ||| qw: Do second Lair branch before Depths: true
     0 | D:1      | 0 ||| qw: Lair rune preference: random
     0 | D:1      | 0 ||| qw: Goals: Normal
     0 | D:1      | 0 ||| PLANNING D:1-11
   124 | D:1      | Reached skill level 3 in Ranged Weapons
   148 | D:1      | Reached XP level 2. HP: 23/23 MP: 2/2
   748 | D:1      | Reached XP level 3. HP: 29/29 MP: 3/3
   914 | D:1      | 914 ||| READING scroll labelled LEIQOO BOUREYB.
   917 | D:1      | 917 ||| READING scroll labelled WOCINI WOIT.
   918 | D:1      | 918 ||| DRINKING 3 fizzy amethyst potions.
   919 | D:1      | 919 ||| DROPPING scroll of poison.
   920 | D:1      | 920 ||| DROPPING 2 potions of degeneration.
  1161 | D:2      | Found a faded altar of an unknown god.
  1178 | D:2      | Reached skill level 4 in Ranged Weapons
  1783 | D:2      | 1783 ||| UPGRADING to +0 ring mail.
  1793 | D:2      | 1793 ||| DROPPING +0 robe.
  1794 | D:2      | 1794 ||| READING scroll labelled PERRENIS FUVE.
  1842 | D:3      | HP: 5/29 [orc priest/+0 war axe (9)]
  1845 | D:3      | Killed from afar by an orc priest

Levels and vault maps discovered:
D:1:      saegor_arrival_simple_e, layout_basic
D:2:      layout_loops_corners, ebering_ecumenical_altar_abandoned
D:3:      layout_basic

Skill      XL: |  1  2  3 |
---------------+----------+-----
Ranged Weapons | 3 4 |  4.2
Fighting       | 2 |  2.1
Armour         | |  0.5
Dodging        | |  2.1
Spellcasting   | |  1.0
Hexes          | |  2.0

Action                     || total
---------------------------++-------
   Fire: Sling             ||   128
    Use: Scroll            ||     3
         Potion            ||     1
 Armour: Robe              ||     3
         Ring mail         ||     5
  Dodge: Dodged            ||    46

Table legend:
 A = Non-vault XP
 B = Vault XP
 C = Vault XP percentage of total XP
 D = Non-vault monster count
 E = Vault monster count
 F = Vault count percentage of total count
                 A         B        C        D         E       F
            +---------+---------+-------+---------+---------+-------
      Total |      89 |       0 |   0.0 |      38 |       0 |   0.0
            +---------+---------+-------+---------+---------+-------
        D:1 |      43 |       0 |   0.0 |      24 |       0 |   0.0
        D:2 |      40 |       0 |   0.0 |      12 |       0 |   0.0
        D:3 |       6 |       0 |   0.0 |       2 |       0 |   0.0
            +---------+---------+-------+---------+---------+-------
